Map: Eternal Empire LE

Players

Dear

  • Race: Protoss Protoss
  • League: Master
  • Spawn Location: 1:00

TSGTYTY (TY) - Winner!

  • Race: Terran Terran
  • League: Grandmaster
  • Spawn Location: 7:00

VOD

Have the link to the VOD?

Description

Time

  • Played on: Jan. 6, 2020, 9:11 p.m.
  • Length: 12:37
Show
View Real Time Build Order
Export as new Build Order

Dear Protoss 

Build Orders: 1 Gate Expand, Oracle Opening 

Get SALT Encoding   

  12  0:00  Probe  
  13  0:12  Probe  
  14  0:17  Pylon  
  14  0:25  Probe (Chrono Boost)  
  15  0:37  Probe (Chrono Boost), Gateway  
  16  0:44  Probe (Chrono Boost)  
  16  0:45  Assimilator  
  17  0:51  Probe  
  18  1:03  Probe  
  19  1:15  Probe  
  20  1:22  Nexus  
  20  1:32  Cybernetics Core  
  20  1:35  Probe  
  21  1:42  Assimilator  
  21  1:47  Probe  
  21  1:50  Pylon  
  22  1:59  Probe  
  23  2:06  Adept (Chrono Boost)  
  23  2:11  Probe  
  26  2:17  Stargate  
  26  2:24  Probe (Chrono Boost)  
  26  2:28  Adept  
  29  2:30  Warp Gate  
  29  2:34  Probe (Chrono Boost)  
  31  2:42  Probe (Chrono Boost)  
  31  2:43  Probe (Chrono Boost)  
  32  2:48  Probe x2 (Chrono Boost)  
  34  2:59  Oracle (Chrono Boost)  
  34  3:00  Probe x2  
  34  3:03  Adept  
  41  3:09  Pylon  
  41  3:12  Probe  
  42  3:13  Probe  
  43  3:24  Probe  
  43  3:25  Probe  
  45  3:28  Oracle (Chrono Boost)  
  48  3:34  Gateway  
  48  3:35  Gateway  
  48  3:36  Probe  
  48  3:37  Probe  
  50  3:43  Shield Battery  
  50  3:54  Nexus  
  50  3:59  Probe  
  50  4:00  Probe  
  50  4:07  Phoenix (Chrono Boost)  
  50  4:11  Probe  
  50  4:12  Probe  
  50  4:14  Assimilator  
  52  4:17  Assimilator  
  52  4:18  Pylon  
  49  4:25  Probe x2  
  49  4:29  Phoenix (Chrono Boost)  
  53  4:33  Pylon  
  53  4:38  Adept x3  
  53  4:40  Probe  
  53  4:41  Probe  
  61  4:50  Phoenix (Chrono Boost)  
  61  4:52  Robotics Facility  
  63  4:56  Pylon  
  63  5:03  Adept x2  
  63  5:04  Adept  
  69  5:08  Pylon  
  69  5:09  Phoenix (Chrono Boost)  
  71  5:14  Probe x2  
  71  5:15  Probe  
  74  5:26  Adept x2  
  74  5:27  Adept  
  72  5:36  Probe x2  
  67  5:43  Phoenix  
  67  5:47  Adept x2  
  56  5:57  Probe x2  
  56  6:03  Probe  
  57  6:09  Probe (Chrono Boost)  
  57  6:10  Probe (Chrono Boost)  
  59  6:15  Probe (Chrono Boost)  
  58  6:20  Stalker  
  58  6:21  Probe (Chrono Boost)  
  58  6:22  Probe (Chrono Boost)  
  60  6:26  Probe (Chrono Boost)  
  60  6:29  Probe x2 (Chrono Boost)  
  54  6:40  Probe (Chrono Boost)  
  54  6:41  Probe (Chrono Boost)  
  54  6:46  Probe (Chrono Boost)  
  55  6:51  Probe x2 (Chrono Boost)  
  53  6:55  Probe x2 (Chrono Boost)  
  53  6:56  Probe (Chrono Boost)  
  54  7:07  Probe x3  
  57  7:13  Assimilator  
  57  7:15  Forge  
  57  7:17  Robotics Bay  
  57  7:19  Probe x3  
  60  7:23  Observer  
  61  7:30  Gateway  
  61  7:31  Probe x2 (Chrono Boost)  
  61  7:32  Probe (Chrono Boost), Twilight Council  
  61  7:33  Gateway  
  61  7:34  Gateway  
  64  7:43  Probe x2 (Chrono Boost)  
  64  7:44  Probe (Chrono Boost)  
  67  7:45  Protoss Ground Armor Level 1 (Chrono Boost)  
  67  7:48  Probe x3 (Chrono Boost)  
  67  7:50  Observer  
  71  7:58  Probe (Chrono Boost), Assimilator  
  74  8:01  Probe (Chrono Boost)  
  74  8:02  Probe (Chrono Boost)  
  74  8:05  Gateway  
  74  8:06  Charge (Chrono Boost)  
  74  8:08  Gateway  
  74  8:09  Probe (Chrono Boost)  
  74  8:12  Probe x2 (Chrono Boost)  
  77  8:13  Probe (Chrono Boost)  
  77  8:15  Templar Archives  
  77  8:19  Warp Prism  
  80  8:21  Probe x2  
  80  8:24  Probe  
  83  8:32  Gateway  
  83  8:33  Probe x2  
  85  8:34  Gateway  
  85  8:36  Probe  
  85  8:37  Pylon  
  84  8:44  Sentry  
  84  8:45  Probe  
  84  8:46  Sentry, Zealot x4  
  97  8:59  Nexus  
  97  9:02  Pylon  
  97  9:04  Pylon  
  97  9:10  High Templar x2  
  97  9:11  High Templar x2  
  97  9:12  Pylon  
  97  9:15  Archon x2, High Templar x2  
  109  9:18  Pylon, Immortal (Chrono Boost)  
  109  9:19  Archon  
  109  9:23  Zealot  
  109  9:24  Zealot  
  117  9:30  Photon Cannon  
  117  9:31  Protoss Ground Weapons Level 1 (Chrono Boost)  
  117  9:34  Blink, Zealot x2  
  121  9:50  Zealot x4  
  121  9:51  Zealot  
  131  9:55  High Templar  
  131  9:56  High Templar, Zealot  
  137  10:00  Pylon  
  137  10:01  Pylon  
  137  10:05  Zealot x2  
  141  10:09  Archon  
  141  10:21  High Templar x2, Zealot x4  
  129  10:25  Archon  
  127  10:30  Immortal  
  127  10:32  Probe x4  
  131  10:41  High Templar  
  131  10:42  High Templar, Zealot x6  
  145  10:45  Archon  
  145  10:47  Probe x4  
  151  10:50  Assimilator  
  151  10:51  Assimilator  
  125  11:11  Stalker  
  125  11:12  Stalker x7  
  136  11:20  Immortal (Chrono Boost)  
  128  11:39  Zealot x10  
  89  12:06  Stalker x6  
  89  12:07  Stalker  
  89  12:09  Probe x2  
  89  12:10  Probe x2  
Show
View Real Time Build Order
Export as new Build Order

TSGTYTY Terran - Winner!

Build Orders:  

Get SALT Encoding   

  12  0:01  SCV  
  13  0:13  SCV  
  14  0:17  Supply Depot  
  14  0:25  SCV  
  15  0:38  SCV  
  15  0:39  Barracks  
  16  0:43  Refinery  
  16  0:50  SCV  
  17  1:02  SCV  
  18  1:15  SCV  
  19  1:26  Marine  
  19  1:28  Orbital Command  
  20  1:44  Command Center  
  20  1:57  Factory  
  20  1:58  SCV  
  21  2:02  Barracks Reactor  
  21  2:09  Supply Depot  
  21  2:10  SCV  
  22  2:22  SCV  
  23  2:34  SCV  
  24  2:41  Starport  
  24  2:46  SCV  
  24  2:47  Hellion x2  
  29  2:52  Marine  
  30  2:58  SCV  
  30  3:02  Orbital Command  
  31  3:07  Starport  
  31  3:08  Hellion  
  31  3:10  Hellion  
  35  3:12  SCV  
  35  3:16  Barracks Tech Lab  
  35  3:22  Refinery  
  35  3:25  SCV  
  36  3:28  SCV  
  37  3:37  SCV  
  37  3:38  Supply Depot, Cyclone  
  37  3:39  Marine  
  37  3:40  SCV  
  43  3:47  Marine  
  44  3:49  SCV  
  44  3:52  SCV  
  44  3:53  Supply Depot  
  46  3:59  Marine  
  46  4:00  Viking  
  46  4:01  SCV  
  48  4:04  Marine, SCV  
  47  4:13  SCV  
  47  4:16  SCV, Cyclone  
  50  4:20  Marine  
  50  4:22  Marine  
  52  4:25  SCV  
  52  4:30  SCV  
  52  4:31  Supply Depot, Viking  
  56  4:37  SCV  
  56  4:38  Marine  
  57  4:40  Marine  
  57  4:43  Supply Depot  
  59  4:46  SCV  
  60  4:53  Cyclone  
  60  4:56  SCV  
  60  4:57  Marine  
  60  4:58  Marine  
  60  4:59  SCV  
  67  5:01  Viking  
  67  5:06  Supply Depot  
  69  5:08  SCV  
  69  5:11  SCV  
  71  5:14  Marine  
  71  5:16  Marine  
  71  5:20  Bunker  
  71  5:21  Bunker  
  73  5:22  SCV  
  74  5:31  Viking  
  74  5:34  Cyclone  
  74  5:35  SCV  
  77  5:37  Marine x2  
  77  5:40  SCV  
  71  5:47  SCV  
  64  5:53  SCV  
  64  5:55  Marine x2  
  64  5:56  Command Center  
  65  5:59  SCV  
  65  6:05  SCV  
  65  6:08  Refinery, Cyclone  
  65  6:09  Refinery, Viking  
  69  6:11  SCV  
  69  6:14  Marine x2  
  69  6:17  SCV  
  69  6:18  Bunker  
  73  6:23  SCV  
  67  6:29  SCV  
  67  6:32  Marine x2  
  64  6:36  SCV  
  62  6:40  Cyclone  
  62  6:41  SCV  
  62  6:44  Viking  
  64  6:48  SCV  
  64  6:52  Marine  
  64  6:53  Marine  
  65  6:54  SCV  
  65  7:00  SCV  
  63  7:03  Factory  
  63  7:08  SCV  
  63  7:10  Marine  
  63  7:11  Marine  
  63  7:12  Orbital Command  
  63  7:13  SCV  
  67  7:16  Viking  
  67  7:21  SCV  
  70  7:25  SCV, Cyclone  
  70  7:28  Marine x2, Factory  
  76  7:31  Orbital Command  
  76  7:33  SCV  
  76  7:34  Mag-Field Accelerator  
  77  7:37  SCV  
  78  7:45  SCV  
  78  7:46  Marine x2, Supply Depot  
  78  7:47  Refinery  
  78  7:48  Factory Tech Lab  
  78  7:49  SCV  
  81  7:52  Refinery  
  81  7:57  SCV x2, Cyclone  
  86  8:01  SCV  
  89  8:08  Factory, Engineering Bay  
  89  8:09  SCV, Supply Depot, Factory  
  89  8:12  Cyclone  
  93  8:13  SCV  
  93  8:14  SCV  
  93  8:20  Armory  
  93  8:22  Hellion  
  93  8:24  Hellion  
  93  8:25  SCV x2  
  93  8:26  Supply Depot  
  99  8:28  Supply Depot  
  99  8:30  Cyclone  
  99  8:32  SCV  
  103  8:37  SCV x2  
  103  8:39  Armory  
  103  8:40  Missile Turret  
  105  8:42  Starport Reactor  
  105  8:45  Hellion  
  105  8:46  Missile Turret  
  105  8:47  Cyclone  
  111  8:52  Factory Reactor, Factory Tech Lab  
  112  8:58  Command Center  
  112  9:01  Hellion, Infernal Pre-Igniter  
  112  9:05  Cyclone  
  112  9:06  SCV x3  
  112  9:09  Supply Depot  
  118  9:11  Hellion  
  118  9:12  Supply Depot  
  118  9:14  Terran Vehicle And Ship Armor Level 1  
  118  9:15  Drilling Claws  
  123  9:19  Hellion  
  123  9:21  Liberator x2  
  123  9:23  Hellion  
  126  9:25  Cyclone  
  126  9:29  Widow Mine  
  126  9:30  Widow Mine  
  131  9:37  Widow Mine  
  136  9:44  Command Center  
  139  9:46  Missile Turret  
  139  9:48  Missile Turret  
  139  9:49  Cyclone  
  139  9:51  Cyclone  
  139  9:52  Widow Mine  
  147  9:53  Widow Mine  
  149  10:00  Supply Depot  
  149  10:02  Supply Depot  
  149  10:08  Liberator x2  
  149  10:09  SCV x3  
  149  10:10  Widow Mine x2  
  149  10:21  SCV  
  149  10:26  SCV x2  
  149  10:34  Siege Tank x2  
  149  10:35  Hellion x2  
  153  10:48  Siege Tank  
  156  10:51  Missile Turret  
  156  10:53  Missile Turret  
  156  10:55  Hellion  
  156  10:56  Hellion x2  
  162  10:58  Liberator  
  162  10:59  Missile Turret, Liberator  
  153  11:06  Siege Tank  
  151  11:21  Hellion x2  
  151  11:23  SCV x2  
  157  11:34  Hellion x2  
  157  11:39  Siege Tank  
  166  11:47  Hellion x2  
  166  11:52  SCV x2  
  160  11:57  Siege Tank x2  
  160  11:58  Hellion x2  
  148  12:03  SCV  
  148  12:04  SCV  
  148  12:05  SCV  
  149  12:23  SCV  
  150  12:31  Refinery  
  150  12:33  Refinery  
Tags
 
Add a new tag
Caveats
  • Supply blocks, unpowered buildings, or Contaminate may cause inaccurate times.
  • Supply counts are checked every 10 seconds.